 Dungeon Crawl Stone Soup version 0.29.1-2-gbd0b4ee654 (webtiles) character file.

Game seed: 14074745338757957605

180 zermelo the Chopper (level 5, -3/45 HPs)
             Began as a Minotaur Berserker on Nov 13, 2022.
             Was a Believer of Trog.
             Slain by a gnoll
             ... wielding a +0 whip
              (7 damage)
             ... on level 3 of the Dungeon.
             The game lasted 00:11:11 (3791 turns).

zermelo the Chopper (Minotaur Berserker)            Turns: 3791, Time: 00:11:12

Health: -3/45      AC:  2    Str: 24    XL:     5   Next: 33%
Magic:  4/4        EV: 12    Int:  4    God:    Trog [**....]
Gold:   95         SH:  0    Dex:  9    Spells: 4/4 levels left

rFire   . . .      SeeInvis .   k - +0 war axe
rCold   . . .      Faith    .   (no shield)
rNeg    + . .      Spirit   .   b - +0 animal skin
rPois   .          Reflect  .   (helmet restricted)
rElec   .          Harm     .   (no cloak)
rCorr   .          Rampage  .   (no gloves)
Will    .....                   (no boots)
Stlth   +.........              (no amulet)
HPRegen 0.15/turn               g - ring of positive energy
MPRegen 0.09/turn               (no ring)

@: no status effects
A: horns 2, retaliatory headbutt
a: Renounce Religion, Berserk, Trog's Hand


You were on level 3 of the Dungeon.
You worshipped Trog.
Trog was pleased with you.
You visited 1 branch of the dungeon, and saw 3 of its levels.

You collected 95 gold pieces.

Inventory:

Hand Weapons
 k - a +0 war axe (weapon)
Armour
 b - a +0 animal skin (worn)
Jewellery
 d - an amulet of guardian spirit
 g - a ring of positive energy (left hand)
Scrolls
 a - a scroll of enchant weapon {unknown}
 c - a scroll of silence {unknown}
 e - a scroll of blinking {unknown}
 f - a scroll of torment {unknown}
 l - 2 scrolls of identify {unknown}
Potions
 h - a potion of heal wounds {unknown}
 i - a potion of berserk rage {unknown}
 j - a potion of resistance {unknown}


   Skills:
 - Level 3.6 Fighting
 + Level 7.4 Axes
 - Level 2.4 Armour
 - Level 2.1 Dodging


You had 4 spell levels left.
You didn't know any spells.
Your spell library was empty.

Dungeon Overview and Level Annotations

Branches:
Dungeon (3/15)

Altars:
Yredelemnul


Innate Abilities, Weirdness & Mutations

You have a pair of horns on your head.
You reflexively headbutt those who attack you in melee.


Message History

You closely miss the orc. You barely miss the kobold.
The orc closely misses you. The kobold closely misses you.
You furiously retaliate!
You headbutt the kobold!
You kill the kobold!
Trog accepts your kill.
You slash the gnoll!
You kill the gnoll!
Trog accepts your kill.
You hit the orc. The orc barely misses you. You furiously retaliate!
You headbutt the orc.
You kill the orc!
Trog accepts your kill.
The gnoll hits you from afar with a +0 spear.
The gnoll closely misses you. The gnoll hits you with a +0 spear.
You are too injured to fight recklessly!
You are too injured to fight recklessly!
You are too injured to fight recklessly!
You are too injured to fight recklessly!
You hit the gnoll. Your headbutt misses the gnoll.
The gnoll is lightly wounded.
You hit the gnoll. The gnoll hits you with a +0 whip! The gnoll misses you.
You furiously retaliate!
You headbutt the gnoll. You hit the gnoll.
The gnoll is moderately wounded.
You hit the gnoll. The gnoll barely misses you.
The gnoll hits you with a +0 spear.
You barely miss the gnoll.
The gnoll is moderately wounded.
You hit the gnoll but do no damage. The gnoll hits you with a +0 whip!
* * * LOW HITPOINT WARNING * * *
The gnoll hits you with a +0 spear.
* * * LOW HITPOINT WARNING * * *
The gnoll attacks as you move away! The gnoll hits you with a +0 spear.
* * * LOW HITPOINT WARNING * * *
The gnoll hits you from afar with a +0 spear.
* * * LOW HITPOINT WARNING * * *
Items here: )) ÷÷ †.
The orc shouts!
The gnoll attacks as you move away! The gnoll hits you with a +0 whip!
You die...

# .....♣.♣♣...♣..♣.#.#
.. #..♣♣.♣.♣♣♣.♣..#.#
...##>.....♣.♣.♣♣#.#(#
........)♣♣...♣.##...>
.......).).♣♣..###:###
#...o...<)....## #.#
#..##...##g.### #.# .
#...##.g# #..
#......@# ##.
#######........
#########


You could see 2 gnolls.

Vanquished Creatures
  An orc priest (D:3)
  Jessica (D:2)
  A hound zombie (D:3)
  A gnoll (D:3)
  4 adders (D:2)
  An adder zombie (D:3)
  2 worms (D:2)
  2 dart slugs (D:1)
  4 orcs
  2 ball pythons
  4 endoplasms
  A giant cockroach (D:1)
  6 goblins
  2 hobgoblins
  5 kobolds
  3 quokkas
  3 bats
  4 frilled lizards
  A giant cockroach zombie (D:3)
  A quokka zombie (D:3)
  5 rats
54 creatures vanquished.

Vanquished Creatures (others)
  A fungus (D:1)
  A plant (D:1)
2 creatures vanquished.

Grand Total: 56 creatures vanquished

Notes
Turn   | Place    | Note
-------+----------+-------------------------------------------
     0 | D:1      | zermelo the Minotaur Berserker began the quest for the Orb.
     0 | D:1      | Reached XP level 1. HP: 19/19 MP: 0/0
    94 | D:1      | Reached skill level 4 in Axes
   100 | D:1      | Found a faded altar of an unknown god.
   489 | D:1      | Reached XP level 2. HP: 26/26 MP: 1/1
  1444 | D:2      | Reached skill level 5 in Axes
  1507 | D:2      | Reached XP level 3. HP: 22/31 MP: 2/2
  2213 | D:2      | Reached ** piety under Trog
  2268 | D:2      | Noticed Jessica
  2272 | D:2      | Killed Jessica
  2273 | D:2      | Reached skill level 6 in Axes
  2273 | D:2      | Reached XP level 4. HP: 39/39 MP: 3/3
  3522 | D:3      | Reached skill level 7 in Axes
  3522 | D:3      | Reached XP level 5. HP: 20/45 MP: 4/4
  3694 | D:3      | Found a basalt altar of Yredelemnul.
  3791 | D:3      | Slain by a gnoll

Illustrated notes

Levels and vault maps discovered:
D:1:      co_arrival_hexagon_in_a_hexagon, layout_basic,
          dreamdust_ecumenical_altar_hidden_monk_grotto, serial_park_tiny_1,
          chequers_serial_rivers_large_a
D:2:      layout_basic, uniq_jessica
D:3:      layout_loops_ring, nicolae_yredelemnul_corpse_copse, uniq_natasha

Skill      XL: |  1  2  3  4 |
---------------+-------------+-----
Axes           | 4 5 6 7 |  7.4
Fighting       | |  3.6
Armour         | |  2.4
Dodging        | |  2.1

Action                   |  1- 3 |  4- 6 || total
-------------------------+-------+-------++-------
Melee: Hand axe          |    66 |     6 ||    72
       Headbutt          |     8 |     8 ||    16
       War axe           |       |    46 ||    46
Invok: Berserk           |     1 |       ||     1
Armor: Animal skin       |     7 |    12 ||    19
Dodge: Dodged            |    37 |    48 ||    85
